 Dungeon Crawl Stone Soup version 0.28.0 (webtiles) character file.

Game seed: 2712136003858422992

478 Kikato the Poker (level 6, -1/50 HPs)
             Began as a Draconian Fire Elementalist on Feb 7, 2022.
             Was a Priest of Jiyva.
             Slain by a scorpion (5 damage)
             ... on level 5 of the Dungeon.
             The game lasted 00:42:16 (5777 turns).

Kikato the Poker (Draconian Fire Elementalist)      Turns: 5777, Time: 00:42:19

Health: -1/50      AC:  6    Str: 11    XL:     6   Next: 86%
Magic:  9/9        EV: 12    Int: 17    God:    Jiyva [***...]
Gold:   63         SH:  0    Dex: 11    Spells: 9/9 levels left

rFire   . . .      SeeInvis .   f - +0 spear
rCold   + + +      Faith    .   (no shield)
rNeg    . . .      Spirit   .   (armour unavailable)
rPois   .          Reflect  .   (helmet restricted)
rElec   .          Harm     .   (no cloak)
rCorr   +          Rampage  .   (no gloves)
Will    .....                   (no boots)
Stlth   ++........              (no amulet)
HPRegen 1.28/turn               (no ring)
MPRegen 0.46/turn               (no ring)

@: lethally poisoned (-1 -> -4)
A: AC +6, unfitting armour, cold-blooded, talons 1, cold resistance 3
a: Renounce Religion, Oozemancy


You were on level 5 of the Dungeon.
You worshipped Jiyva.
Jiyva was most pleased with you.
You visited 1 branch of the dungeon, and saw 5 of its levels.
You also visited: Sewer.

You collected 63 gold pieces.

Inventory:

Hand Weapons
 b - a +0 flail
 c - a +0 mace
 d - a +0 whip
 e - a +0 whip
 f - a +0 spear (weapon)
 g - a +0 club
 i - a +0 hunting sling
 k - a +0 short sword
 l - a +0 long sword
 o - a +2 dagger of speed
 u - a +0 hand crossbow
 x - a +0 club
 y - a +0 club
 A - a +0 dagger
 B - a +0 short sword
 E - a +0 trident
Missiles
 a - 17 sling bullets
 h - 83 stones (quivered)
 v - 54 bolts
 w - 6 poisoned darts
Wands
 n - a wand of mindburst (19)
 F - a wand of digging (7)
 H - a wand of paralysis (12)
Scrolls
 j - 2 scrolls of amnesia
 p - 3 scrolls of identify {unknown}
 r - a scroll of silence {unknown}
 s - a scroll of blinking {unknown}
 t - a scroll of brand weapon {unknown}
 D - a scroll of teleportation
Potions
 m - 2 potions of resistance {unknown}
 q - a potion of degeneration {unknown}
 z - a potion of haste {unknown}
 C - a potion of heal wounds {unknown}
 G - a potion of curing {unknown}


   Skills:
 + Level 2.7 Fighting
 + Level 4.0 Polearms
 + Level 3.3 Dodging
 + Level 2.9 Stealth
 + Level 1.1 Unarmed Combat
 + Level 2.3 Spellcasting
 + Level 1.0 Conjurations
 + Level 3.6 Fire Magic


You had 9 spell levels left.
You didn't know any spells.
Your spell library contained the following spells:

 Spells                   Type           Power      Damage    Failure   Level
 Scorch                   Fire           28%        2d6       6%          2
 Foxfire                  Conj/Fire      36%        2x1d5     7%          1
 Conjure Flame            Conj/Fire      9%         6-21      22%         3
 Inner Flame              Hex/Fire       8%         N/A       26%         3
 Flame Wave               Conj/Fire      9%         2d5       56%         4


Dungeon Overview and Level Annotations

Branches:
Dungeon (5/15)              Sewer (visited)
 Temple: D:4-7

Altars:
Ashenzari
Jiyva

Shops:
D:5 [

Annotations:
D:3 2 transporters, Exaltedone87's ghost, amateur DsGl


Innate Abilities, Weirdness & Mutations

Your plain brown scales are hard. (AC +6)
You cannot fit into any form of body armour.
You are cold-blooded and may be slowed by cold attacks.
You have sharp toenails.
Your flesh is almost immune to the effects of cold. (rC+++)


Message History

Something bites the jelly.
The jelly hits something.
You hit the scorpion.
The scorpion is lightly wounded.
The scorpion stings you.
* * * LOW HITPOINT WARNING * * *
You are more poisoned.
The scorpion poisons you!
Something bites the jelly.
The jelly hits the bullfrog skeleton.
The bullfrog skeleton is destroyed!
The jelly closely misses something.
A water moccasin zombie comes into view.
You feel very sick.
The hound bites the jelly.
The hound is burned by acid!
The hound bites the jelly.
The hound is burned by acid!
The orc wizard casts a spell.
The orc wizard flickers and vanishes!
Deactivating autopickup; reactivate with Ctrl-A.
The jelly closely misses the hound.
You hit the scorpion but do no damage.
The scorpion is lightly wounded.
You feel sick. The scorpion barely misses you.
The hound bites the jelly.
The hound is burned by acid!
The hound dies!
The scorpion barely misses you.
You're too confused to move!
You feel sick. The jackal closely misses you. The scorpion stings you.
* * * LOW HITPOINT WARNING * * *
You are more poisoned.
The scorpion poisons you!
You are too confused!
* * * LOW HITPOINT WARNING * * *
You feel very sick.
You hear a slurping noise.
You hit the water moccasin zombie.
The water moccasin zombie is lightly damaged.
You feel less confused.
You feel sick. The jackal misses you.
The water moccasin zombie bites you but does no damage.
The scorpion stings you.
You die...

#####.#.....h#
........#....#
#...#...##h#
##.##..####{#
#.J#..#####.# ###.##.##
#.... ##......####..{.
. ###..........#.<..
....#@h...######.#ยง...
......Z.s..## #.>....
..J.......## ###....
.....J#...# #....
......#.### #....
#####.#.# #...W J ...
##### ..>.. ...


You could see a scorpion, a water moccasin zombie, a jackal and 4 neutral
jellies(fellow slime).

Vanquished Creatures
  A necrophage (D:4)
  A scorpion (D:5)
  A howler monkey (D:4)
  A jelly (D:4)
  A bullfrog skeleton (D:3)
  Terence (D:2)
  2 hound skeletons (D:4)
  5 adders
  5 river rats (Sewer)
  2 worms
  3 dart slugs (D:2)
  4 ball pythons
  A bat (D:2)
  2 endoplasms (D:1)
  4 giant cockroaches
  4 goblins
  3 hobgoblins (D:1)
  4 jackals
  2 quokkas (D:4)
  A frilled lizard (D:2)
  14 kobolds
  22 rats
84 creatures vanquished.

Vanquished Creatures (others)
  A necrophage (D:5)
  2 phantoms (D:5)
  2 scorpions (D:5)
  4 jellies
  A hound (D:5)
  A bullfrog skeleton (D:5)
  An orc wizard (D:5)
  An adder (D:3)
  A river rat (Sewer)
  A dart slug (D:3)
  A ball python (D:2)
  A giant cockroach (D:4)
  5 hobgoblins
  5 quokkas
  A bat (D:2)
  A frilled lizard (D:3)
  7 kobolds
  2 rats (Sewer)
  A rat zombie (D:5)
  2 foxfires (D:2)
41 creatures vanquished.

Grand Total: 125 creatures vanquished

Notes
Turn   | Place    | Note
-------+----------+-------------------------------------------
     0 | D:1      | Kikato the Draconian Fire Elementalist began the quest for
                  | the Orb.
     0 | D:1      | Reached XP level 1. HP: 14/14 MP: 3/3
  1117 | D:1      | Reached XP level 2. HP: 15/20 MP: 5/5
  1659 | D:1      | Found a faded altar of an unknown god.
  1666 | D:1      | Prayed at the altar of an unknown god.
  1666 | D:1      | Became a worshipper of Jiyva Juneqeaz the Shapeless
  1666 | D:1      | Reached * piety under Jiyva
  2286 | D:2      | Identified the +1 chain mail "Song" {Harm rCorr}
  2352 | D:2      | Found a broken altar of Ashenzari.
  2719 | D:2      | Reached ** piety under Jiyva
  2940 | D:2      | Noticed Terence
  2955 | D:2      | Killed Terence
  2956 | D:2      | Reached XP level 3. HP: 13/26 MP: 6/6
  3470 | D:3      | Reached *** piety under Jiyva
  3564 | D:3      | Reached skill level 1 in Polearms
  3597 | D:3      | Reached skill level 1 in Unarmed Combat
  3597 | D:3      | Reached XP level 4. HP: 28/34 MP: 7/7
  3693 | D:3      | Gained mutation: Your flesh is cold resistant. (rC+)
                  | [Jiyva's grace]
  3693 | D:3      | Gained mutation: Your flesh is very cold resistant. (rC++)
                  | [Jiyva's grace]
  3693 | D:3      | Gained mutation: Your flesh is almost immune to the effects
                  | of cold. (rC+++) [Jiyva's grace]
  3693 | D:3      | Gained mutation: You have sharp toenails. [Jiyva's grace]
  3980 | D:3      | Noticed a phantom
  4012 | D:3      | Found a transporter.
  4016 | D:3      | Found a transporter.
  4017 | D:3      | Noticed Exaltedone87's ghost (amateur DsGl)
  4550 | D:4      | Reached skill level 1 in Fighting
  4550 | D:4      | Reached skill level 2 in Polearms
  4564 | D:4      | Reached XP level 5. HP: 40/40 MP: 8/8
  4694 | D:4      | Reached **** piety under Jiyva
  4723 | D:4      | Found a glowing drain.
  4739 | Sewer    | Entered a sewer
  5031 | Sewer    | Reached skill level 3 in Polearms
  5325 | D:4      | Was placed under penance by Jiyva
  5435 | D:4      | Reached XP level 6. HP: 28/48 MP: 9/9
  5662 | D:5      | Entered Level 5 of the Dungeon
  5708 | D:5      | Was forgiven by Jiyva
  5711 | D:5      | Found Geurih's Antique Armour Emporium.
  5731 | D:5      | Reached skill level 4 in Polearms
  5777 | D:5      | Slain by a scorpion

Illustrated notes

Levels and vault maps discovered:
D:1:      dpeg_arrival_round_c, layout_rooms, shapermc_ecumenical_altar_petra
D:2:      layout_loops_corners, basic_altar, grunt_ministairs_2, uniq_terence
D:3:      layout_loops_ring, gammafunk_ghost_mausoleum
D:4:      layout_basic, gup_sewer_entry_pipe
D:5:      cheibrodos_thug_alley, layout_rooms,
          lemuel_zombie_altar_kikubaaqudgha, minmay_temple_entry_large_hall,
          serial_shops, nicolae_shop_trees, shop, nicolae_shop_statue_plus

Skill      XL: |  1  2  3  4  5  6 |
---------------+-------------------+-----
Dodging        | 2 3 |  3.3
Stealth        | 2 |  2.9
Polearms       | 1 2 3 4 |  4.0
Unarmed Combat | 1 |  1.1
Fighting       | 1 2 |  2.7
Spellcasting   | |  2.3
Conjurations   | |  1.0
Fire Magic     | |  3.6

Action                   |  1- 3 |  4- 6 || total
-------------------------+-------+-------++-------
Melee: Unarmed           |    40 |       ||    40
       Spear             |    91 |   283 ||   374
       Tailslap          |    13 |    33 ||    46
       Punch             |     3 |     2 ||     5
       Kick              |       |    75 ||    75
 Fire: Hand crossbow     |       |     1 ||     1
 Cast: Foxfire           |     3 |       ||     3
  Use: Scroll            |     2 |     1 ||     3
       Potion            |       |     1 ||     1
 Stab: Sleeping          |       |     2 ||     2
Armor: Skin              |    31 |   121 ||   152
Dodge: Dodged            |    95 |   187 ||   282
